 Dungeon Crawl Stone Soup version 0.25.0-9-g26727b657a (webtiles) character file.

Game seed: 3426412850681438545

10730 Arthanis the Cleaver (level 11, -1/109 HPs)
             Began as a Gargoyle Berserker on June 20, 2020.
             Was a High Priest of Trog.
             Slain by Snorg (9 damage)
             ... on level 11 of the Dungeon.
             The game lasted 00:16:24 (11260 turns).

Arthanis the Cleaver (Gargoyle Berserker)          Turns: 11260, Time: 00:16:25

Health: -1/109     AC: 24    Str: 21    XL:     11   Next: 66%
Magic:  15/15      EV: 11    Int: 11    God:    Trog [*****.]
Gold:   670        SH:  0    Dex:  9    Spells: 10/10 levels left

rFire    . . .     SeeInvis .   T - +2 battleaxe (vorpal)
rCold    . . .     Gourm    .   (shield currently unavailable)
rNeg     + + .     Faith    .   D - +0 plate armour
rPois    ∞         Spirit   .   w - +0 helmet
rElec    +         Reflect  .   L - +0 cloak (curse)
rCorr    .         Harm     .   k - +0 pair of gloves
MR       .....                  (no boots)
Stlth    ..........             (no amulet)
HPRegen  0.28/turn              t - ring of positive energy
MPRegen  0.14/turn              y - +4 ring of evasion

@: berserking (expiring), very quick
A: negative energy resistance 1, electricity resistance, unbreathing,
petrification resistance, rot immunity, AC +8
a: Berserk, Trog's Hand, Brothers in Arms, Renounce Religion


You were on level 11 of the Dungeon.
You worshipped Trog.
Trog was extremely pleased with you.
You were hungry.

You visited 1 branch of the dungeon, and saw 11 of its levels.

You collected 670 gold pieces.

Inventory:

Hand Weapons
 a - a +0 hand axe
 s - a cursed +0 halberd
 F - a +1 flail of draining
 G - a +0 war axe
 I - a +0 vorpal hand axe
 Q - a +1 battleaxe
 T - a +2 vorpal battleaxe (weapon)
Missiles
 q - 4 throwing nets (quivered)
Armour
 b - a +0 animal skin
 k - a +0 pair of gloves (worn)
 m - a +0 cloak
 p - a +0 chain mail
 w - a +0 helmet (worn)
 D - a +0 plate armour (worn)
 L - a cursed +0 cloak (worn)
Jewellery
 t - a ring of positive energy (left hand)
 y - a +4 ring of evasion (right hand)
 C - an uncursed ring of ice
 H - the ring "Atuatami" {rPois rC+ Dex-3 SInv}
   (You found it on level 6 of the Dungeon)

   [ring of protection from cold]

   It affects your dexterity (-3).
   It protects you from cold.
   It protects you from poison.
   It lets you see invisible.
 P - a +4 ring of protection {unknown}
Wands
 u - a wand of polymorph (7)
 v - a wand of flame (13)
 E - a wand of paralysis (4)
 K - a wand of digging (2)
Scrolls
 d - 2 scrolls of amnesia {unknown}
 e - a scroll of fog {unknown}
 f - 3 scrolls of enchant armour {unknown}
 h - 6 scrolls of teleportation
 l - 9 scrolls of identify {unknown}
 n - 4 scrolls of remove curse {unknown}
 B - a scroll of enchant weapon {unknown}
 M - 2 scrolls of magic mapping {unknown}
 N - a scroll of fear {unknown}
 O - 2 scrolls of summoning {unknown}
 S - a scroll of random uselessness {unknown}
 U - a scroll of holy word {unknown}
Potions
 g - 4 potions of lignification {unknown}
 i - 2 potions of might {unknown}
 j - 4 potions of degeneration {unknown}
 o - a potion of cancellation {unknown}
 r - 4 potions of curing {unknown}
 x - 3 potions of heal wounds {unknown}
 z - a potion of flight {unknown}
 A - 2 potions of ambrosia {unknown}
 J - 2 potions of haste {unknown}
Comestibles
 c - 14 rations
 R - 5 chunks of flesh


   Skills:
 + Level 10.6 Fighting
 * Level 12.0 Axes
 - Level 6.0 Armour
 - Level 2.1 Dodging
 - Level 6.1 Evocations


You had 10 spell levels left.
You didn't know any spells.
Your spell library contained the following spells:

 Spells                   Type           Power        Failure   Level  Hunger
 Beastly Appendage        Tmut           #.....       100%        1    ##.....
 Magic Dart               Conj           #...         100%        1    ##.....
 Sandblast                Erth           #.....       100%        1    ##.....
 Blink                    Tloc           N/A          100%        2    ###....
 Call Imp                 Summ           #.......     100%        2    ###....
 Passwall                 Tmut/Erth      #.......     100%        2    ###....
 Poisonous Vapours        Pois/Air       #.....       100%        2    ###....
 Slow                     Hex            #.......     100%        2    ###....
 Sticks to Snakes         Tmut           #.......     100%        2    ###....
 Conjure Flame            Conj/Fire      #.......     100%        3    ####...
 Mephitic Cloud           Conj/Pois/Air  #.......     100%        3    ####...
 Spider Form              Tmut/Pois      #.........   100%        3    ####...
 Stone Arrow              Conj/Erth      #.....       100%        3    ####...
 Ice Form                 Ice/Tmut       #.......     100%        4    #####..
 Petrify                  Tmut/Erth      #.......     100%        4    #####..
 Blade Hands              Tmut           #.........   100%        5    ######.
 Lee's Rapid Deconstruct  Erth           #.........   100%        5    ######.
 Freezing Cloud           Conj/Ice/Air   #.........   100%        6    #######
 Ring of Flames           Chrm/Fire      #.........   100%        7    #######


Dungeon Overview and Level Annotations

Branches:
Dungeon (11/15)            Temple (0/1) D:7            Lair (0/6) D:8
    Orc: D:9-12

Altars:
Ashenzari
Dithmenos
Gozag
Hepliaklqana
Kikubaaqudgha
Makhleb
Nemelex Xobeh
Qazlal
Ru
Trog
Uskayaw
Zin
The Shining One

Annotations:
D:10 2 transporters, Skimidon's ghost, journeyman GrMo
D:11 Snorg


Innate Abilities, Weirdness & Mutations

You are resistant to torment.
Your stone body is resilient. (AC +8)
You are immune to poison.
You resist negative energy. (rN+)
You are resistant to electric shocks. (rElec)
You can survive without breathing.
You are immune to petrification.
You are immune to rotting.


Message History

You closely miss Snorg.
Snorg is moderately wounded.
Snorg bites you but does no damage. Snorg claws you.
Snorg claws you but does no damage.
You closely miss Snorg.
Snorg is moderately wounded.
Snorg closely misses you. Snorg claws you. x2
* * * LOW HITPOINT WARNING * * *
You closely miss Snorg.
Snorg is moderately wounded.
Snorg bites you.
* * * LOW HITPOINT WARNING * * *
Snorg claws you but does no damage. Snorg claws you!
* * * LOW HITPOINT WARNING * * *
You barely miss Snorg.
Snorg is moderately wounded.
Snorg misses you. Snorg claws you.
* * * LOW HITPOINT WARNING * * *
Snorg claws you!
You die...

..###..#....#..##...#
.......#....#.......#
.......+....#.......#
#####'##....#.......#....#
............#.......#....#
.....(......#..######....#
............#..##...#....#
............#.......#....#
+##.........#.>.@T..#....#
#.....#+###.......#....#
#..>..............'....#
#.................#....#
######...##..###'##....#
#...##..##..###'###
#...#........#...#
#...+........#...#
#...#........#...#


You could see Snorg (berserk).

Vanquished Creatures
  Harold (D:8)
  3 death yaks
  A cyclops (D:11)
  A spiny frog (shapeshifter) (D:10)
  A polar bear (D:9)
  2 trolls
  10 yaks (D:10)
  4 steam dragons
  Edmund (D:5)
  A hungry ghost (D:8)
  A water moccasin (D:6)
  2 ice beasts
  3 orc warriors
  2 sky beasts
  4 phantoms
  A necrophage (D:11)
  5 ogres
  A wolf (D:8)
  2 centaurs (D:6)
  8 bullfrogs
  A big kobold (D:7)
  A wyvern skeleton (D:10)
  A scorpion (D:7)
  5 killer bees (D:10)
  7 wights
  3 vampire bats (D:6)
  6 howler monkeys
  An electric eel (D:8)
  3 crimson imps
  3 centaur zombies
  6 orc priests
  7 hounds
  8 orc wizards
  2 bullfrog skeletons
  An iguana (D:9)
  Ijyb (D:3)
  3 worker ants
  A hell rat (D:9)
  A killer bee zombie (D:9)
  A hound zombie (D:6)
  A howler monkey zombie (D:6)
  3 gnolls
  A howler monkey skeleton (D:4)
  7 adders
  A river rat (D:8)
  5 shadow imps
  3 white imps (D:8)
  A worker ant simulacrum (D:8)
  An ufetubus (D:8)
  2 oozes
  2 adder zombies
  2 worms
  5 leopard geckos
  25 orcs
  12 giant cockroaches
  11 goblins
  6 hobgoblins
  11 jackals
  8 kobolds
  4 quokkas
  15 bats
  9 frilled lizards
  3 leopard gecko skeletons
  A quokka zombie (D:9)
  4 rats
259 creatures vanquished.

Notes
Turn   | Place    | Note
-------+----------+-------------------------------------------
     0 | D:1      | Arthanis the Gargoyle Berserker began the quest for the
                  | Orb.
     0 | D:1      | Reached XP level 1. HP: 14/14 MP: 1/1
   261 | D:1      | Reached XP level 2. HP: 17/19 MP: 2/2
   266 | D:1      | Reached skill level 3 in Axes
   891 | D:1      | Reached XP level 3. HP: 22/23 MP: 3/3
  1319 | D:2      | Reached ** piety under Trog
  1560 | D:2      | Found a shadowy altar of Dithmenos.
  1831 | D:2      | Reached XP level 4. HP: 29/29 MP: 4/4
  1897 | D:2      | Found a glowing silver altar of Zin.
  2353 | D:3      | Reached XP level 5. HP: 33/33 MP: 5/5
  2522 | D:3      | Reached skill level 4 in Axes
  2759 | D:3      | Found a shattered altar of Ashenzari.
  3163 | D:3      | Found a bloodstained altar of Trog.
  3218 | D:3      | Reached XP level 6. HP: 13/39 MP: 6/6
  3612 | D:3      | Noticed Ijyb
  3725 | D:3      | Killed Ijyb
  4000 | D:4      | Reached *** piety under Trog
  4000 | D:4      | Reached skill level 5 in Axes
  4102 | D:4      | Reached skill level 5 in Fighting
  4195 | D:4      | Noticed a phantom
  4202 | D:4      | Reached XP level 7. HP: 44/44 MP: 7/7
  4378 | D:4      | Found a stormy altar of Qazlal.
  4407 | D:5      | Entered Level 5 of the Dungeon
  4705 | D:5      | Reached skill level 6 in Axes
  4705 | D:5      | Reached skill level 5 in Armour
  4720 | D:5      | Noticed Edmund
  4959 | D:5      | Killed Edmund
  4959 | D:5      | Reached XP level 8. HP: 51/51 MP: 8/8
  5008 | D:6      | Noticed a troll
  5038 | D:6      | Found a hide-covered altar of Uskayaw.
  5053 | D:6      | Found a hazy altar of Hepliaklqana.
  5160 | D:6      | Killed a troll
  5160 | D:6      | Reached skill level 1 in Evocations
  5398 | D:6      | Reached **** piety under Trog
  5442 | D:6      | Reached skill level 7 in Axes
  5691 | D:6      | Reached XP level 9. HP: 54/56 MP: 10/10
  5719 | D:6      | Found a sacrificial altar of Ru.
  5935 | D:6      | Got a clouded bronze ring
  6153 | D:6      | Reached skill level 8 in Axes
  6217 | D:6      | You fall into a shaft and drop 2 floors!
  6218 | D:8      | Noticed a polar bear
  6579 | D:9      | Killed a polar bear
  6686 | D:8      | Found a staircase to the Lair.
  6686 | D:8      | Noticed a death yak
  6688 | D:8      | Noticed a death yak
  6735 | D:8      | Noticed a death yak
  6741 | D:9      | Killed a death yak
  6741 | D:9      | Reached skill level 9 in Axes
  6753 | D:9      | Killed a death yak
  6753 | D:9      | Reached XP level 10. HP: 19/65 MP: 11/13
  7127 | D:9      | Reached skill level 5 in Evocations
  7210 | D:9      | Found a sparkling altar of Nemelex Xobeh.
  7241 | D:9      | Found a glowing golden altar of the Shining One.
  7397 | D:9      | Identified the ring "Atuatami" {rPois rC+ Dex-3 SInv} (You
                  | found it on level 6 of the Dungeon)
  7691 | D:8      | Killed a death yak
  7691 | D:8      | Reached skill level 10 in Axes
  8001 | D:8      | Noticed Harold
  8323 | D:8      | Killed Harold
  8426 | D:8      | Found a burning altar of Makhleb.
  8666 | D:7      | Reached XP level 11. HP: 69/71 MP: 15/15
  8840 | D:7      | Found an opulent altar of Gozag.
  9315 | D:7      | Reached skill level 11 in Axes
  9532 | D:7      | Found a staircase to the Ecumenical Temple.
  9617 | D:7      | Found an ancient bone altar of Kikubaaqudgha.
 10128 | D:10     | Entered Level 10 of the Dungeon
 10183 | D:10     | Reached ***** piety under Trog
 10187 | D:10     | Reached skill level 10 in Fighting
 10209 | D:10     | Received a gift from Trog
 10663 | D:10     | Found a transporter.
 10663 | D:10     | Noticed Skimidon's ghost (journeyman GrMo)
 10695 | D:10     | Found a transporter.
 10977 | D:11     | Found a shadowy altar of Dithmenos.
 11102 | D:11     | Noticed a cyclops
 11111 | D:11     | Killed a cyclops
 11111 | D:11     | Reached skill level 12 in Axes
 11240 | D:11     | Noticed Snorg
 11260 | D:11     | Slain by Snorg

Illustrated notes

Levels and vault maps discovered:
D:1:      dpeg_arrival_boxes_within_box, layout_basic, minmay_lizard_king
D:2:      layout_basic, zin_statuary, grunt_dithmenos_smoke_and_mirrors,
          first_ration
D:3:      kennysheep_goblin_castle, layout_loops_ring, evilmike_ruin_ashenzari,
          lightli_temple_of_fire
D:4:      layout_rooms, nicolae_qazlal_eye_of_the_storm
D:5:      layout_rooms, kennysheep_generic_room_15, uniq_edmund
D:6:      kennysheep_steamy, layout_rooms, nicolae_ru_the_path_less_chosen,
          kennysheep_little_box, lemuel_doored_altar, roderic_lattice_a,
          roderic_batcave, grunt_ministairs_13, minmay_puff
D:7:      layout_layer_cave, nicolae_gozag_seed_capital, marbit_many_paths,
          temple_green
D:8:      layout_loops_ring, makhleb_grotto_becter, dpeg_lair_monsters,
          serial_ice, serial_ice_n, serial_ice_e, serial_ice_m, serial_ice_k,
          serial_ice_f, serial_ice_c, uniq_harold
D:9:      layout_basic, grunt_temple_overflow_open, grunt_ogre_cave,
          nicolae_straight_to_the_point
D:10:     layout_rooms, gammafunk_ghost_mausoleum
D:11:     layout_gridville, basic_altar, uniq_snorg

Skill      XL: |  1  2  3  4  5  6  7  8  9 10 11 |
---------------+----------------------------------+-----
Axes           | 3 4 5 6 7 9 10 12 | 12.0
Dodging        | 2 |  2.1
Fighting       | 4 5 6 8 9 10 | 10.6
Armour         | 3 4 5 6 |  6.0
Evocations     | 2 4 6 |  6.1

Action                   |  1- 3 |  4- 6 |  7- 9 | 10-12 || total
-------------------------+-------+-------+-------+-------++-------
Melee: Hand axe          |   148 |   229 |   361 |   446 ||  1184
       Unarmed           |       |     1 |       |       ||     1
       Battleaxe         |       |       |       |    67 ||    67
Invok: Berserk           |     2 |     6 |     9 |     7 ||    24
       Trog's Hand       |       |     3 |     1 |     2 ||     6
Evoke: Wand              |       |       |     4 |     2 ||     6
  Use: Scroll            |       |       |     1 |       ||     1
 Stab: Sleeping          |     1 |       |       |       ||     1
       Paralysed         |       |       |     7 |       ||     7
  Eat: Chunk             |     5 |    13 |    14 |     8 ||    40
       Ration            |       |       |     1 |     5 ||     6
Armor: Animal skin       |    60 |    35 |       |       ||    95
       Chain mail        |       |   120 |    56 |       ||   176
       Plate armour      |       |       |   160 |   252 ||   412
Dodge: Dodged            |   115 |   115 |   199 |   264 ||   693
